 Dungeon Crawl Stone Soup version 0.30-a0-726-gd89dcf765f (webtiles) character file.

Game seed: 11955185324234980331

700 CrazyBamboolord the Poker (level 7, -8/53 (55) HPs)
             Began as a Formicid Fighter on Jan 26, 2023.
             Mangled by an orange demon (9 damage)
             ... summoned by a kobold demonologist
             ... on level 5 of the Dungeon on Jan 29, 2023.
             The game lasted 00:07:58 (4690 turns).

CrazyBamboolord the Poker (Formicid Fighter)        Turns: 4690, Time: 00:07:59

HP:   -8/53 (55)    AC:  8    Str: 23    XL:     7   Next: 98%
MP:   7/7           EV:  9    Int:  7    God:
Gold: 268           SH:  0    Dex: 13    Spells: 6/6 levels left

rFire   . . .      SeeInvis +    a - +0 trident
rCold   . . .      Faith    .    c - +0 buckler
rNeg    . . .      Spirit   .    b - +0 scale mail
rPois   .          Reflect  .    (helmet unavailable)
rElec   .          Harm     .    (no cloak)
rCorr   .          Rampage  .    u - +0 pair of gloves
Will    .....                    (no boots) Stlth
                                 (no amulet)
HPRegen 0.28/turn                (no ring)
MPRegen 0.10/turn                (no ring)

@: confused, mighty, lethally poisoned (-8 -> -29), ambrosia-drunk, lightly
drained
A: permanent stasis, dig shafts and tunnels, antennae 3, four strong arms
a: Dig, Shaft Self


You were on level 5 of the Dungeon.
You visited 1 branch of the dungeon, and saw 5 of its levels.

You collected 268 gold pieces.

Inventory:

Hand Weapons
 a - a +0 trident (weapon)
 m - the +1 dagger of Earthquakes {protect, rF+ Will+ Str-3 Int+3}
   (You found it on level 2 of the Dungeon)

   Str:       It affects your strength (-3).
   Int:       It affects your intelligence (+3).
   rF:        It protects you from fire.
   Will:      It increases your willpower.
Armour
 b - a +0 scale mail (worn)
 c - a +0 buckler (worn)
 u - a +0 pair of gloves (worn)
Jewellery
 l - a ring of fire
 w - a ring of fire
Wands
 e - a wand of flame (20)
Scrolls
 f - a scroll of torment
 i - a scroll of magic mapping
 o - 2 scrolls of vulnerability
 t - a scroll of immolation
 v - a scroll of enchant weapon
Potions
 g - 4 potions of mutation
 h - 2 potions of resistance
 j - 2 potions of ambrosia
 k - a potion of degeneration {unknown}
 n - a potion of invisibility
 p - a potion of brilliance {unknown}
 q - a potion of attraction {unknown}
 r - a potion of flight {unknown}


   Skills:
 * Level 4.4 Fighting
 * Level 5.8 Polearms
 * Level 5.7 Armour
 + Level 0.1 Stealth
 * Level 5.7 Shields


You had 6 spell levels left.
You didn't know any spells.
Your spell library was empty.

Dungeon Overview and Level Annotations

Branches:
Dungeon (5/15)
 Temple: D:4-7

Altars:
Cheibriados
Gozag
Makhleb
Trog
Xom

Annotations:
D:1 1 transporter


Innate Abilities, Weirdness & Mutations

You cannot be hasted, slowed, berserked, paralysed or teleported.
You can dig through walls and to a lower floor.
You have a pair of large antennae on your head. (SInv)
Your four strong arms can wield two-handed weapons with a shield.


Message History

The kobold demonologist casts a spell.
The orange demon barely misses you. The shadow imp gestures at you.
Pain shoots through your body!
You closely miss the kobold demonologist.
The kobold demonologist is lightly wounded.
The kobold demonologist hits you but does no damage.
The orange demon stings you from afar. The shadow imp barely misses you.
The chaos spawn hits you!
You feel drained.
You hit the kobold demonologist.
The kobold demonologist is lightly wounded.
The kobold demonologist hits you with a +0 dagger.
The orange demon completely misses you. The shadow imp gestures at you.
Pain shoots through your body! The chaos spawn hits you!
* * * LOW HITPOINT WARNING * * *
You feel your power leaking away.
You feel very mighty all of a sudden.
The kobold demonologist hits you with a +0 dagger.
* * * LOW HITPOINT WARNING * * *
The orange demon barely misses you. The shadow imp barely misses you.
The chaos spawn gores you but does no damage.
It was a potion of ambrosia.
You are confused.
You feel invigorated.
The kobold demonologist hits you but does no damage.
The shadow imp hits you but does no damage.
The orange demon stings you from afar.
* * * LOW HITPOINT WARNING * * *
You are lethally poisoned!
The orange demon poisons you! The chaos spawn gores you!
* * * LOW HITPOINT WARNING * * *
You closely miss the kobold demonologist.
The kobold demonologist is lightly wounded.
* * * LOW HITPOINT WARNING * * *
You feel extremely sick.
The kobold demonologist hits you with a +0 dagger.
* * * LOW HITPOINT WARNING * * *
The crimson imp blinks!
The orange demon stings you from afar!
You die...

#########5
#5@K4ยง....
#4########
#5#.. #.#.#
#.#.# #.#.#
#.#.#
#.#.#####.#
{#.........#


You could see an orange demon (summoned), a kobold demonologist, a chaos spawn
(summoned), 2 crimson imps and a shadow imp (summoned).

Vanquished Creatures
  A water moccasin (D:5)
  A phantom (D:4)
  Blork the orc (D:4)
  A necrophage (D:5)
  A howler monkey (D:5)
  3 iguanas
  Terence (D:2)
  Natasha (thrice) (D:4)
  2 orc wizards (D:5)
  7 adders
  A dart slug (D:1)
  6 orcs
  5 ball pythons (D:1)
  4 bats
  6 endoplasms
  6 giant cockroaches
  5 goblins
  3 hobgoblins (D:1)
  3 jackals (D:4)
  5 kobolds
  4 frilled lizards
  2 rats
71 creatures vanquished.

Notes
Turn   | Place    | Note
-------+----------+-------------------------------------------
     0 | D:1      | CrazyBamboolord the Formicid Fighter began the quest for
                  | the Orb.
     0 | D:1      | Reached XP level 1. HP: 18/18 MP: 1/1
     0 | D:1      | Upgraded the game from 0.30-a0-719-gcc4359ea44 to
                  | 0.30-a0-726-gd89dcf765f
   123 | D:1      | Reached XP level 2. HP: 24/24 MP: 2/2
   506 | D:1      | Reached XP level 3. HP: 23/29 MP: 3/3
   841 | D:2      | Identified the +1 dagger of Earthquakes {protect, rF+ Will+
                  | Str-3 Int+3}
   942 | D:2      | Reached XP level 4. HP: 27/37 MP: 4/4
   989 | D:2      | Found a faded altar of an unknown god.
  1052 | D:2      | Noticed Terence
  1066 | D:2      | Killed Terence
  1239 | D:2      | Found a shimmering altar of Xom.
  1552 | D:3      | Reached XP level 5. HP: 42/42 MP: 5/5
  1867 | D:3      | Identified the +0 hat of the Fiddle {-Tele rPois rC+ Int+2}
  2366 | D:4      | Noticed Blork the orc
  2379 | D:4      | Killed Blork the orc
  2605 | D:4      | Reached XP level 6. HP: 45/48 MP: 6/6
  2811 | D:4      | Found a bloodstained altar of Trog.
  2926 | D:4      | Noticed Natasha
  2936 | D:4      | Killed Natasha
  2937 | D:4      | Reached skill level 5 in Shields
  3037 | D:4      | Noticed Natasha
  3045 | D:4      | Killed Natasha
  3182 | D:4      | Noticed Natasha
  3188 | D:4      | Killed Natasha
  3205 | D:4      | Reached skill level 5 in Polearms
  3205 | D:4      | Reached XP level 7. HP: 54/54 MP: 7/7
  3424 | D:4      | Found an opulent altar of Gozag.
  3424 | D:4      | Found a snail-covered altar of Cheibriados.
  3426 | D:4      | Found a burning altar of Makhleb.
  3817 | D:5      | Entered Level 5 of the Dungeon
  3953 | D:5      | Noticed a water moccasin
  3988 | D:5      | Killed a water moccasin
  3989 | D:5      | Reached skill level 5 in Armour
  4678 | D:5      | Noticed a kobold demonologist
  4684 | D:5      | Noticed an orange demon
  4686 | D:5      | Noticed a chaos spawn
  4690 | D:5      | HP: 1/53 [kobold demonologist/+0 dagger (2)]
  4690 | D:5      | Mangled by an orange demon

Illustrated notes

Levels and vault maps discovered:
D:1:      spicycebolla_arrival_risky_transporter, layout_basic,
          hangedman_decor_growths, dreamdust_wishing_well, kennysheep_boxes
D:2:      layout_basic, basic_ecumenical_altar, basic_altar,
          chequers_serial_rivers_room_b, uniq_terence
D:3:      layout_loops_ring
D:4:      nicolae_cairo_tiling_large, layout_basic, overflow_temple_1_default,
          nicolae_overflow_hidden_temple, nicolae_half_adder, uniq_natasha,
          uniq_blork_the_orc
D:5:      layout_basic, okawaru_altar_gauntlet_db, gammafunk_ghost_mausoleum

Skill      XL: |  1  2  3  4  5  6  7 |
---------------+----------------------+-----
Polearms       | 3 4 5 |  5.8
Armour         | 4 5 |  5.7
Fighting       | 4 |  4.4
Shields        | 5 |  5.7
Stealth        | |  0.1

Action                     |  1- 3 |  4- 6 |  7- 9 || total
---------------------------+-------+-------+-------++-------
  Melee: Trident           |    81 |   159 |   131 ||   371
Ability: Dig               |       |       |     1 ||     1
    Use: Scroll            |       |     7 |     1 ||     8
         Potion            |       |     1 |     4 ||     5
 Armour: Scale mail        |    26 |    48 |    31 ||   105
  Dodge: Dodged            |    32 |    58 |    53 ||   143
  Block: Buckler           |     9 |    28 |    21 ||    58

Table legend: (Time is in decaauts)
 A = Elapsed time spent in this place.
 B = Non-inter-level travel time spent in this place.
 C = Inter-level travel time spent in this place.
 D = Time resting spent in this place.
 E = Time spent auto-exploring this place.
 F = Levels seen in this place.
 G = Mean time per level.
                   A        B        C        D        E       F      G
               +--------+--------+--------+--------+--------+-----+--------+
         Total |   4764 |   4609 |    155 |     32 |   3815 |   5 |  952.8 |
       Dungeon |   4764 |   4609 |    155 |     32 |   3815 |   5 |  952.8 |
               +--------+--------+--------+--------+--------+-----+--------+

Top non-repeatable levels by time:
     D:4: 1493 daAuts
     D:5: 879 daAuts
     D:1: 838 daAuts
     D:3: 834 daAuts
     D:2: 719 daAuts
